 Dungeon Crawl Stone Soup version 0.31-a0-152-g6aa68a64a1 (webtiles) character file.

Game seed: 15305306287490006696

15599 qw the Marksminotaur (level 12, -7/106 HPs)
             Began as a Minotaur Hunter on June 9, 2023.
             Was an Elder of Okawaru.
             Mangled by a five-headed hydra (11 damage)
             ... on level 2 of the Lair of Beasts.
             The game lasted 00:05:15 (10319 turns).

qw the Marksminotaur (Minotaur Hunter)             Turns: 10319, Time: 00:05:15

Health: -7/106     AC: 11    Str: 24    XL:     12   Next: 2%
Magic:  16/18      EV: 20    Int: 10    God:    Okawaru [****..]
Gold:   425        SH:  0    Dex: 18    Spells: 11/11 levels left

rFire   + . .        Y - +1 orcbow (elec)
rCold   + . .        (shield currently unavailable)
rNeg    . . .        p - +2 robe {rC+ rF+}
rPois   +            (helmet restricted)
rElec   +            f - +2 cloak {Will+}
rCorr   .            g - +1 Delatra's gloves {ID++}
SInv    .            q - +0 pair of boots of Masochism {rElec rPois rC- Str+3}
Will    +....        l - amulet of regeneration
Stlth   +++          j - ring of protection from cold
HPRegen 1.17/turn    c - +6 ring of strength
MPRegen 0.16/turn

%: clarity
@: heroic
A: horns 2, retaliatory headbutt, clarity, clever 1, wild magic 1
a: Renounce Religion, Heroism, Finesse


You were on level 2 of the Lair of Beasts.
You worshipped Okawaru.
Okawaru was greatly pleased with you.
You visited 3 branches of the dungeon, and saw 15 of its levels.

You collected 775 gold pieces.
You spent 350 gold pieces at shops.


Innate Abilities, Weirdness & Mutations

You have a pair of horns on your head.
You reflexively headbutt those who attack you in melee.
You possess an exceptional clarity of mind.
Your mind is acute. (Int +4, Str/Dex -1)
Your spells are a little harder to cast, but a little more powerful.


   Skills:
 - Level 10.0(15.0) Fighting
 - Level 15.4(20.4) Ranged Weapons
 - Level 3.7(8.7) Armour
 + Level 7.1(12.1) Dodging
 - Level 0.7(5.7) Stealth
 + Level 9.4 Invocations


You had 11 spell levels left.
You didn't know any spells.
Your spell library was empty.

Inventory:

Hand Weapons
 Y - a +1 orcbow of electrocution (weapon)
Armour
 d - a +1 pair of boots
 e - a +2 leather armour of fire resistance
 f - a +2 cloak of willpower (worn)
 g - the +1 Delatra's gloves (worn) {ID++}
   (You found it on level 3 of the Dungeon)

   ID++:      It heals its wearer when they drink unknown potions, and restores
   their MP when they read unknown scrolls.
 p - a +2 robe of resistance (worn)
 q - the +0 pair of boots of Masochism (worn) {rElec rPois rC- Str+3}
   (You found it on level 1 of the Lair of Beasts)

   Str:       It affects your strength (+3).
   rC:        It makes you vulnerable to cold.
   rElec:     It insulates you from electricity.
   rPois:     It protects you from poison.
Jewellery
 c - a +6 ring of strength (right hand)
 j - a ring of protection from cold (left hand)
 l - an amulet of regeneration (around neck)
Wands
 n - a wand of digging (6)
Scrolls
 a - 3 scrolls of identify
Potions
 b - a potion of magic
 h - 3 potions of haste
 k - 4 potions of mutation
 m - 6 potions of curing

Dungeon Overview and Level Annotations

Branches:
Dungeon (12/15)            Temple (1/1) D:4            Lair (2/5) D:10
 Spider (0/4) Lair:2
  Swamp: Lair:2-3    Shoals: Lair:2-3       Orc: D:9-12

Altars:
Ashenzari
Cheibriados
Dithmenos
Elyvilon
Fedhas
Gozag
Hepliaklqana
Kikubaaqudgha
Makhleb
Nemelex Xobeh
Okawaru
Qazlal
Ru
Sif Muna
Trog
Uskayaw
Vehumet
Wu Jian
Xom
Yredelemnul
Zin
The Shining One

Shops:
D:7 [*=

Annotations:
D:5 2 runed translucent doors
Lair:1 2 transporters, qw's ghost, novice MiHu


Message History

The eight-headed hydra bites you!
The eight-headed hydra closely misses you.
The five-headed hydra bites you! The five-headed hydra misses you.
The five-headed hydra bites you but does no damage.
The five-headed hydra barely misses you.
The five-headed hydra closely misses you.
10316 ||| DRINKING potion of heal wounds.
You feel much better.
The five-headed hydra barely misses you.
You furiously retaliate!
You headbutt the five-headed hydra.
The five-headed hydra bites you but does no damage.
The five-headed hydra closely misses you.
The five-headed hydra completely misses you.
The five-headed hydra bites you but does no damage.
The eight-headed hydra bites you.
The eight-headed hydra bites you but does no damage.
The eight-headed hydra bites you.
The eight-headed hydra closely misses you.
The eight-headed hydra bites you.
The eight-headed hydra barely misses you. x3
You shoot an arrow. The arrow hits the five-headed hydra!!
The five-headed hydra is moderately wounded.
The eight-headed hydra barely misses you.
The eight-headed hydra misses you. The eight-headed hydra bites you.
The eight-headed hydra misses you.
The eight-headed hydra bites you but does no damage.
The eight-headed hydra bites you.
The eight-headed hydra completely misses you.
The eight-headed hydra bites you but does no damage.
The five-headed hydra bites you but does no damage. x3
The five-headed hydra barely misses you.
The five-headed hydra bites you!
You shoot an arrow. The arrow hits the five-headed hydra!!
The five-headed hydra is severely wounded.
You shoot an arrow. The arrow hits the five-headed hydra.
The five-headed hydra is severely wounded.
The five-headed hydra completely misses you.
You furiously retaliate!
You headbutt the five-headed hydra! The five-headed hydra bites you!
You die...

.%.............## #
..........P.....##
7
..........##.P...#
7
...........#.....7
..........#......77
.#..P.........777.7
...........#~777.77
.#........#¤777.777
.##......#¤#


77@D7 ).... 7D7..7 #. 77 777 You could see an eight-headed hydra and a
five-headed hydra.

Vanquished Creatures
  Erica (D:8)
  A two-headed ogre (D:9)
  Urug (Lair:1)
  Amaemon (Lair:1)
  An orange demon (Lair:1)
  A gargoyle (D:10)
  2 black mambas (Lair:1)
  A rime drake (Lair:2)
  2 cane toads (Lair:2)
  2 komodo dragons
  2 unseen horrors
  A troll (D:9)
  Prince Ribbit (Lair:2)
  A hornet (D:9)
  4 blink frogs (Lair:2)
  2 jumping spiders (Lair:2)
  A shadow (D:11)
  3 wyverns
  A wraith (D:8)
  A vampire (D:9)
  7 yaks (D:9)
  A redback (Lair:2)
  2 basilisks
  4 vampire mosquitoes (D:11)
  4 water moccasins (Lair:1)
  2 orc warriors
  3 ice beasts
  3 black bears
  A sky beast (D:6)
  An ogre (D:4)
  4 wolves (Lair:1)
  3 centaurs
  A phantom (D:5)
  A kobold brigand (D:7)
  2 bullfrogs
  3 gnoll sergeants
  2 scorpions
  11 wights
  21 killer bees
  2 electric eels (D:9)
  7 howler monkeys
  3 hounds
  3 jellies
  2 gnoll boudas
  6 orc priests
  6 sleepcaps
  5 iguanas
  11 orc wizards
  31 gnolls
  9 adders
  2 shadow imps (D:7)
  A white imp (D:6)
  2 worms
  A dart slug (D:4)
  25 orcs
  10 ball pythons
  11 bats
  8 endoplasms
  3 giant cockroaches
  16 goblins
  7 hobgoblins
  8 jackals
  5 quokkas
  7 frilled lizards
  15 kobolds
  7 rats
319 creatures vanquished.

Vanquished Creatures (others)
  An orc wizard (D:10)
1 creature vanquished.

Grand Total: 320 creatures vanquished

Notes
Turn   | Place    | Note
-------+----------+-------------------------------------------
     0 | D:1      | qw the Minotaur Hunter began the quest for the Orb.
     0 | D:1      | Reached XP level 1. HP: 18/18 MP: 0/0
     0 | D:1      | 0 ||| qw: Version: 0.2-a-122-gbc61b45
     0 | D:1      | 0 ||| qw: Game counter: 3395
     0 | D:1      | 0 ||| qw: Always use a shield: true
     0 | D:1      | 0 ||| qw: God list: Okawaru
     0 | D:1      | 0 ||| qw: Allow faded altars: false
     0 | D:1      | 0 ||| qw: Do Orc after D:15 true
     0 | D:1      | 0 ||| qw: Do second Lair branch before Depths: true
     0 | D:1      | 0 ||| qw: Lair rune preference: random
     0 | D:1      | 0 ||| qw: Plans: Normal
     0 | D:1      | 0 ||| PLANNING D:1-11
    55 | D:1      | Reached XP level 2. HP: 20/25 MP: 1/1
    83 | D:1      | Reached skill level 5 in Ranged Weapons
   228 | D:1      | Reached skill level 3 in Fighting
   617 | D:1      | Reached XP level 3. HP: 31/31 MP: 2/2
   694 | D:1      | 694 ||| UPGRADING to +0 pair of boots.
   699 | D:1      | 699 ||| DROPPING scroll of butterflies.
   859 | D:2      | Found a bloodstained altar of Trog.
   905 | D:2      | Reached skill level 6 in Ranged Weapons
   905 | D:2      | Reached XP level 4. HP: 19/38 MP: 3/3
   911 | D:2      | Reached skill level 1 in Armour
  1360 | D:2      | 1360 ||| Stepping ~*~*~tactically~*~*~ (outnumbered).
  1362 | D:2      | 1362 ||| Stepping ~*~*~tactically~*~*~ (outnumbered).
  1373 | D:2      | HP: 9/40 [gnoll/+0 spear (4)]
  1375 | D:2      | HP: 4/40 [gnoll/+0 spear (6)]
  1378 | D:2      | 1378 ||| FLEEEEING.
  1379 | D:2      | 1379 ||| FLEEEEING.
  1380 | D:2      | 1380 ||| FLEEEEING.
  1381 | D:2      | 1381 ||| FLEEEEING.
  1382 | D:2      | 1382 ||| FLEEEEING.
  1383 | D:2      | 1383 ||| FLEEEEING.
  1384 | D:2      | 1384 ||| FLEEEEING.
  1385 | D:2      | 1385 ||| FLEEEEING.
  1386 | D:2      | 1386 ||| FLEEEEING.
  1387 | D:2      | 1387 ||| FLEEEEING.
  1388 | D:2      | 1388 ||| FLEEEEING.
  1389 | D:2      | 1389 ||| FLEEEEING.
  1390 | D:2      | 1390 ||| FLEEEEING.
  1391 | D:2      | 1391 ||| FLEEEEING.
  1392 | D:2      | 1392 ||| FLEEEEING.
  1393 | D:2      | 1393 ||| FLEEEEING.
  1394 | D:2      | 1394 ||| FLEEEEING.
  1395 | D:2      | 1395 ||| FLEEEEING.
  1396 | D:2      | 1396 ||| FLEEEEING.
  1397 | D:2      | 1397 ||| FLEEEEING.
  1398 | D:2      | 1398 ||| FLEEEEING.
  1399 | D:2      | 1399 ||| FLEEEEING.
  1400 | D:2      | 1400 ||| FLEEEEING.
  1401 | D:2      | 1401 ||| FLEEEEING.
  1402 | D:2      | 1402 ||| FLEEEEING.
  1403 | D:2      | 1403 ||| FLEEEEING.
  1404 | D:2      | 1404 ||| FLEEEEING.
  1405 | D:2      | 1405 ||| FLEEEEING.
  1406 | D:2      | 1406 ||| FLEEEEING.
  1407 | D:2      | 1407 ||| FLEEEEING.
  1408 | D:2      | 1408 ||| FLEEEEING.
  1409 | D:2      | 1409 ||| FLEEEEING.
  1410 | D:2      | 1410 ||| FLEEEEING.
  1411 | D:2      | 1411 ||| FLEEEEING.
  1412 | D:2      | 1412 ||| FLEEEEING.
  1413 | D:2      | 1413 ||| FLEEEEING.
  1414 | D:2      | 1414 ||| FLEEEEING.
  1416 | D:2      | 1416 ||| FLEEEEING.
  1417 | D:2      | 1417 ||| STAIRDANCE
  1514 | D:1      | 1514 ||| UPGRADING to ring of protection from cold.
  1515 | D:1      | 1515 ||| READING 3 scrolls labelled KAVUTARCHUXUTO.
  1516 | D:1      | 1516 ||| READING scroll labelled WUROIN FOPH.
  1517 | D:1      | 1517 ||| READING scroll labelled WUNEELI DUKO.
  1518 | D:1      | 1518 ||| READING scroll labelled KESKARGH HISTI.
  1519 | D:1      | 1519 ||| READING scroll labelled ZACVEIDEIDO.
  1520 | D:1      | 1520 ||| DRINKING 2 inky potions.
  1521 | D:1      | 1521 ||| READING 2 scrolls of identify.
  1521 | D:1      | 1521 ||| IDENTIFYING emerald potion
  1525 | D:2      | 1525 ||| STAIRDANCE
  1530 | D:1      | Reached XP level 5. HP: 33/46 MP: 4/4
  1850 | D:3      | Noticed an ice beast
  1856 | D:3      | 1856 ||| STAIRDANCE
  1864 | D:2      | HP: 6/46 [ice beast (7)]
  1865 | D:2      | 1865 ||| DRINKING potion of heal wounds.
  1866 | D:2      | Killed an ice beast
  1867 | D:2      | Reached skill level 7 in Ranged Weapons
  1889 | D:3      | 1889 ||| STAIRDANCE
  1983 | D:3      | Reached XP level 6. HP: 50/52 MP: 5/5
  1994 | D:3      | Found the +1 Delatra's gloves {ID++}
  2272 | D:3      | Found a faded altar of an unknown god.
  2732 | D:3      | 2732 ||| UPGRADING to +0 ring mail.
  2742 | D:3      | 2742 ||| DROPPING +0 leather armour.
  2743 | D:3      | 2743 ||| UPGRADING to +1 Delatra's gloves {ID++}.
  2748 | D:3      | 2748 ||| READING scroll labelled EMEM CETAESCH.
  2749 | D:3      | 2749 ||| DRINKING 2 fizzy grey potions.
  2790 | D:3      | 2790 ||| READING 2 scrolls of identify.
  2790 | D:3      | 2790 ||| IDENTIFYING murky yellow potion
  2791 | D:3      | 2791 ||| DROPPING potion of lignification.
  2930 | D:4      | Found a broken altar of Ashenzari.
  2989 | D:4      | Found a staircase to the Ecumenical Temple.
  2990 | D:4      | 2990 ||| PLANNING TEMPLE
  2995 | Temple   | Entered the Ecumenical Temple
  3067 | Temple   | 3067 ||| PLANNING OKAWARU WORSHIP
  3195 | Temple   | Became a worshipper of Warmaster Okawaru
  3195 | Temple   | 3195 ||| PLANNING D:1-11
  3239 | D:4      | Reached skill level 8 in Ranged Weapons
  3245 | D:4      | 3245 ||| Stepping ~*~*~tactically~*~*~ (outnumbered).
  3373 | D:4      | Found a blossoming altar of Fedhas.
  3425 | D:4      | Reached XP level 7. HP: 48/61 MP: 6/6
  3425 | D:4      | 3425 ||| FLEEEEING.
  3426 | D:4      | 3426 ||| FLEEEEING.
  3434 | D:4      | 3434 ||| FLEEEEING.
  3850 | D:4      | Reached skill level 3 in Dodging
  4036 | D:4      | 4036 ||| UPGRADING to +1 leather armour of fire resistance.
  4046 | D:4      | 4046 ||| DROPPING +0 ring mail.
  4047 | D:4      | 4047 ||| UPGRADING to amulet of regeneration.
  4052 | D:4      | 4052 ||| UPGRADING to +6 ring of strength.
  4053 | D:4      | 4053 ||| READING scroll labelled SIPLUDGHA MUMM.
  4054 | D:4      | 4054 ||| DRINKING 2 black potions.
  4054 | D:4      | Gained mutation: Your mind is acute. (Int +4, Str/Dex -1)
                  | [potion of mutation]
  4054 | D:4      | Gained mutation: You possess an exceptional clarity of
                  | mind. [potion of mutation]
  4054 | D:4      | Gained mutation: Your spells are a little harder to cast,
                  | but a little more powerful. [potion of mutation]
  4055 | D:4      | 4055 ||| READING 3 scrolls of identify.
  4055 | D:4      | 4055 ||| IDENTIFYING orange potion
  4084 | D:5      | Entered Level 5 of the Dungeon
  4093 | D:5      | 4093 ||| STAIRDANCE
  4128 | D:5      | Reached * piety under Okawaru
  4141 | D:5      | 4141 ||| Stepping ~*~*~tactically~*~*~ (outnumbered).
  4151 | D:5      | 4151 ||| Stepping ~*~*~tactically~*~*~ (outnumbered).
  4155 | D:5      | 4155 ||| Stepping ~*~*~tactically~*~*~ (outnumbered).
  4285 | D:5      | Reached skill level 1 in Invocations
  4307 | D:5      | 4307 ||| INVOKING Heroism.
  4385 | D:5      | 4385 ||| SWAPPING to +0 orcbow.
  4386 | D:5      | 4386 ||| DROPPING +1 shortbow of draining.
  4437 | D:5      | 4437 ||| READING scroll labelled DEXKOIBRES.
  4561 | D:5      | Found a runed translucent door.
  4563 | D:5      | Found a runed translucent door.
  4619 | D:5      | 4619 ||| READING scroll labelled ZEPIEK ITI.
  4657 | D:6      | Reached skill level 9 in Ranged Weapons
  4657 | D:6      | Reached XP level 8. HP: 68/68 MP: 7/9
  4683 | D:6      | 4683 ||| INVOKING Heroism.
  4693 | D:6      | Reached skill level 3 in Invocations
  4771 | D:6      | 4771 ||| INVOKING Heroism.
  4923 | D:6      | Reached skill level 6 in Fighting
  4977 | D:6      | 4977 ||| INVOKING Heroism.
  5064 | D:6      | 5064 ||| READING scroll of brand weapon.
  5064 | D:6      | 5064 ||| BRANDING +0 orcbow.
  5089 | D:6      | 5089 ||| Stepping ~*~*~tactically~*~*~ (outnumbered).
  5093 | D:6      | Reached ** piety under Okawaru
  5094 | D:6      | Reached skill level 10 in Ranged Weapons
  5100 | D:6      | 5100 ||| INVOKING Heroism.
  5109 | D:6      | 5109 ||| FLEEEEING.
  5110 | D:6      | 5110 ||| FLEEEEING.
  5111 | D:6      | 5111 ||| FLEEEEING.
  5120 | D:6      | 5120 ||| INVOKING Heroism.
  5252 | D:6      | 5252 ||| READING scroll labelled REQIAF MIUN KAL.
  5253 | D:6      | 5253 ||| READING 2 scrolls of identify.
  5253 | D:6      | 5253 ||| IDENTIFYING amethyst potion
  5254 | D:6      | 5254 ||| DROPPING potion of brilliance.
  5282 | D:7      | 5282 ||| STAIRDANCE
  5395 | D:7      | 5395 ||| Stepping ~*~*~tactically~*~*~ (outnumbered).
  5412 | D:7      | 5412 ||| INVOKING Heroism.
  5467 | D:7      | Reached XP level 9. HP: 79/79 MP: 11/11
  5583 | D:7      | 5583 ||| INVOKING Heroism.
  5586 | D:7      | Reached skill level 11 in Ranged Weapons
  5631 | D:7      | 5631 ||| Stepping ~*~*~tactically~*~*~ (outnumbered).
  5634 | D:7      | 5634 ||| Stepping ~*~*~tactically~*~*~ (outnumbered).
  5646 | D:7      | 5646 ||| INVOKING Heroism.
  5723 | D:7      | Found a flagged portal.
  5832 | D:7      | Found Dadud's Antique Armour Boutique.
  5840 | D:7      | 5840 ||| BUYING dyed leather armour (140 gold).
  5840 | D:7      | Bought a dyed leather armour for 140 gold pieces
  5840 | D:7      | 5840 ||| BUYING glowing cloak (210 gold).
  5840 | D:7      | Bought a glowing cloak for 210 gold pieces
  5840 | D:7      | 5840 ||| SHOPLISTING glowing troll leather armour (504
                  | gold, have 28).
  5840 | D:7      | 5840 ||| SHOPLISTING runed leather armour (140 gold, have
                  | 28).
  5917 | D:7      | Found Upnaes's Assorted Antiques.
  5927 | D:7      | 5927 ||| SHOPLISTING creamy pearl robe (159 gold, have 28).
  5927 | D:7      | 5927 ||| SHOPLISTING glowing robe (103 gold, have 28).
  5927 | D:7      | 5927 ||| SHOPLISTING twisted lead wand (112 gold, have 28).
  6006 | D:7      | 6006 ||| INVOKING Heroism.
  6012 | D:7      | 6012 ||| Stepping ~*~*~tactically~*~*~ (outnumbered).
  6015 | D:7      | 6015 ||| Stepping ~*~*~tactically~*~*~ (outnumbered).
  6019 | D:7      | Reached skill level 12 in Ranged Weapons
  6033 | D:7      | Found Qauwef's Jewellery Shoppe.
  6045 | D:7      | 6045 ||| SHOPLISTING +6 ring of dexterity (468 gold, have
                  | 67).
  6045 | D:7      | 6045 ||| SHOPLISTING amulet of reflection (390 gold, have
                  | 67).
  6045 | D:7      | 6045 ||| SHOPLISTING ring "Yqyriest" {rC++ Will+ Int+3}
                  | (725 gold, have 67).
  6045 | D:7      | 6045 ||| SHOPLISTING ring of fire (325 gold, have 67).
  6045 | D:7      | 6045 ||| SHOPLISTING ring of ice (325 gold, have 67).
  6351 | D:7      | 6351 ||| UPGRADING to +2 leather armour of fire resistance.
  6361 | D:7      | 6361 ||| DROPPING +1 leather armour of fire resistance.
  6362 | D:7      | 6362 ||| UPGRADING to +2 cloak of willpower.
  6367 | D:7      | 6367 ||| READING scroll labelled MOPHIG WEALA.
  6368 | D:7      | 6368 ||| READING scroll labelled ZUMUINK POTE.
  6476 | D:8      | Reached skill level 3 in Armour
  6653 | D:8      | Noticed Erica
  6654 | D:8      | 6654 ||| INVOKING Heroism.
  6668 | D:8      | Killed Erica
  6668 | D:8      | Reached *** piety under Okawaru
  6669 | D:8      | Reached XP level 10. HP: 66/88 MP: 10/12
  6766 | D:8      | Reached skill level 13 in Ranged Weapons
  6844 | D:8      | 6844 ||| READING scroll of enchant weapon.
  6844 | D:8      | 6844 ||| ENCHANTING +0 orcbow of electrocution.
  6915 | D:8      | 6915 ||| UPGRADING to +2 robe of resistance.
  6925 | D:8      | 6925 ||| DROPPING amulet of the acrobat.
  6926 | D:8      | 6926 ||| READING 2 scrolls of identify.
  6926 | D:8      | 6926 ||| IDENTIFYING brown potion
  6927 | D:8      | 6927 ||| DROPPING potion of berserk rage.
  6937 | D:9      | 6937 ||| INVOKING Heroism.
  6980 | D:9      | 6980 ||| INVOKING Heroism.
  6984 | D:9      | Reached skill level 6 in Dodging
  7157 | D:9      | You fall into a shaft and drop 3 floors!
  7232 | D:11     | 7232 ||| INVOKING Heroism.
  7236 | D:11     | Reached skill level 9 in Fighting
  7333 | D:11     | Reached **** piety under Okawaru
  7458 | D:10     | Entered Level 10 of the Dungeon
  7482 | D:10     | Found a staircase to the Lair.
  7878 | D:9      | 7878 ||| INVOKING Heroism.
  7890 | D:9      | Reached skill level 14 in Ranged Weapons
  7913 | D:9      | 7913 ||| INVOKING Heroism.
  8022 | D:9      | Reached XP level 11. HP: 87/97 MP: 14/14
  8029 | D:9      | Reached skill level 6 in Invocations
  8103 | D:9      | Noticed a two-headed ogre
  8104 | D:9      | 8104 ||| INVOKING Heroism.
  8108 | D:9      | Killed a two-headed ogre
  8235 | D:9      | 8235 ||| Stepping ~*~*~tactically~*~*~ (outnumbered).
  8241 | D:9      | Reached ***** piety under Okawaru
  8387 | D:9      | Received a gift from Okawaru
  8477 | D:9      | 8477 ||| READING 3 scrolls of identify.
  8477 | D:9      | 8477 ||| IDENTIFYING fizzy amethyst potion
  8674 | D:10     | 8674 ||| INVOKING Heroism.
  8675 | D:10     | 8675 ||| Stepping ~*~*~tactically~*~*~ (outnumbered).
  8773 | D:10     | 8773 ||| Stepping ~*~*~tactically~*~*~ (outnumbered).
  8775 | D:10     | 8775 ||| Stepping ~*~*~tactically~*~*~ (outnumbered).
  8818 | D:10     | 8818 ||| INVOKING Heroism.
  8914 | D:10     | 8914 ||| READING scroll labelled KENOVO KENE.
  8929 | D:10     | 8929 ||| Stepping randomly (disturbance).
  9270 | D:10     | 9270 ||| PLANNING LAIR
  9294 | Lair:1   | Entered Level 1 of the Lair of Beasts
  9295 | Lair:1   | 9295 ||| INVOKING Heroism.
  9297 | Lair:1   | Noticed Amaemon
  9318 | Lair:1   | Killed Amaemon
  9350 | Lair:1   | Found a transporter.
  9354 | Lair:1   | Noticed qw's ghost (novice MiHu)
  9357 | Lair:1   | Noticed a seven-headed hydra
  9413 | Lair:1   | 9413 ||| INVOKING Heroism.
  9502 | Lair:1   | Identified the +2 shortbow of Wuefuvi {freeze, Dex+6}
                  | (Okawaru gifted it to you on level 1 of the Lair of Beasts)
  9502 | Lair:1   | Received a gift from Okawaru
  9566 | Lair:1   | Found a transporter.
  9713 | Lair:1   | Identified the +0 pair of boots of Masochism {rElec rPois
                  | rC- Str+3}
  9726 | Lair:1   | 9726 ||| INVOKING Heroism.
  9752 | Lair:1   | Noticed Urug
  9753 | Lair:1   | 9753 ||| INVOKING Finesse.
  9773 | Lair:1   | 9773 ||| INVOKING Heroism.
  9779 | Lair:1   | Killed Urug
  9834 | Lair:1   | 9834 ||| READING scroll of enchant armour.
  9834 | Lair:1   | 9834 ||| ENCHANTING +0 pair of boots.
  9995 | Lair:1   | 9995 ||| UPGRADING to +0 pair of boots of Masochism {rElec
                  | rPois rC- Str+3}.
 10005 | Lair:1   | 10005 ||| READING 4 scrolls of identify.
 10005 | Lair:1   | 10005 ||| IDENTIFYING clear potion
 10006 | Lair:1   | 10006 ||| DROPPING potion of enlightenment.
 10011 | Lair:2   | 10011 ||| INVOKING Heroism.
 10020 | Lair:2   | Reached skill level 15 in Ranged Weapons
 10024 | Lair:2   | 10024 ||| DRINKING potion of cancellation.
 10070 | Lair:2   | Found a hole to the Spider Nest.
 10130 | Lair:2   | Found a shimmering altar of Xom.
 10132 | Lair:2   | 10132 ||| INVOKING Heroism.
 10138 | Lair:2   | Reached skill level 9 in Invocations
 10188 | Lair:2   | Noticed Prince Ribbit
 10191 | Lair:2   | 10191 ||| INVOKING Heroism.
 10206 | Lair:2   | Killed Prince Ribbit
 10213 | Lair:2   | Reached XP level 12. HP: 106/106 MP: 16/18
 10312 | Lair:2   | Noticed an eight-headed hydra
 10313 | Lair:2   | 10313 ||| INVOKING Heroism.
 10313 | Lair:2   | Noticed a five-headed hydra
 10315 | Lair:2   | HP: 19/106 [eight-headed hydra (8)]
 10316 | Lair:2   | 10316 ||| DRINKING potion of heal wounds.
 10317 | Lair:2   | HP: 2/106 [five-headed hydra (13)]
 10319 | Lair:2   | Mangled by a five-headed hydra

Levels and vault maps discovered:
D:1:      dpeg_arrival_pits, layout_basic, chequers_decorated_corner
D:2:      layout_loops_ring, basic_altar
D:3:      layout_loops_ring, nicolae_ecumenical_snake_handling,
          pf_guarded_unrand_delatra
D:4:      layout_loops_ring, nicolae_ashenzari_panopticon, fedhas_altar_2,
          minmay_temple_entry_tees, chequers_arboretum
D:5:      lemuel_insect_pit, layout_basic, serial_glass, glass_columns_b,
          glass_columns_a, glass_columns_a
D:6:      layout_rooms, roderic_batcave, hangedman_decor_slide_cut
D:7:      layout_layer_cave, enter_bailey_6, serial_shops,
          nicolae_shop_tiny_statue_garden, nicolae_lakefront_shop, shop,
          nicolae_eternal_life, nrook_mini_vaults
D:8:      layout_cave_pools, uniq_erica
D:9:      layout_loops_corners, amcnicky_mini_pool_small, nrook_mini_backslash,
          wad_floor_pattern_untrapped, kennysheep_generic_room_2
D:10:     layout_irregular_city, lair_entry_dummy
D:11:     layout_roguey, serial_shops, shop
D:12:     lemuel_reptile_caves, layout_loops_ring, orc_0_dummy, uniq_psyche,
          uniq_kirke
Temple:   nicolae_temple_slightly_damp_pantheon
Lair:1:   layout_misc_corridors, gammafunk_ghost_berserking_beasts,
          serial_bayou_pond_a, uniq_amaemon, uniq_urug
Lair:2:   layout_gridlike, minmay_shoals_entry_lonely_mermaid,
          spider_nest_entry_a, basic_altar, nicolae_volcano_entry_lava_flow,
          pdpol_lair_cabin_in_the_woods, uniq_prince_ribbit2

Skill      XL: |  1  2  3  4  5  6  7  8  9 10 11 |
---------------+----------------------------------+-----
Ranged Weapons | 5 6 7 8 9 10 12 14 15 | 15.4
Fighting       | 3 4 5 7 8 9 10 | 10.0
Armour         | 1 2 3 |  3.7
Dodging        | 3 4 5 7 |  7.1
Invocations    | 2 4 5 9 |  9.4
Stealth        | |  0.7

Action                     |  1- 3 |  4- 6 |  7- 9 | 10-12 || total
---------------------------+-------+-------+-------+-------++-------
   Fire: Shortbow          |    98 |   234 |    70 |       ||   402
         Orcbow            |       |       |   334 |   534 ||   868
 Invoke: Heroism           |       |       |    11 |    16 ||    27
         Finesse           |       |       |       |     1 ||     1
    Use: Scroll            |       |     8 |     9 |     6 ||    23
         Potion            |       |     3 |     1 |     2 ||     6
 Armour: Leather armour    |     5 |    22 |    49 |       ||    76
         Ring mail         |       |    16 |     1 |       ||    17
         Robe              |       |       |       |    91 ||    91
  Dodge: Dodged            |    24 |    56 |   148 |   219 ||   447

Table legend:
 A = Non-vault XP
 B = Vault XP
 C = Vault XP percentage of total XP
 D = Non-vault monster count
 E = Vault monster count
 F = Vault count percentage of total count
                 A         B        C        D         E       F
            +---------+---------+-------+---------+---------+-------
      Total |   17163 |    5122 |  23.0 |     287 |      32 |  10.0
            +---------+---------+-------+---------+---------+-------
        D:1 |      62 |       0 |   0.0 |      31 |       0 |   0.0
        D:2 |     289 |       0 |   0.0 |      28 |       0 |   0.0
        D:3 |      80 |      67 |  45.6 |      23 |      12 |  34.3
        D:4 |     466 |       0 |   0.0 |      29 |       0 |   0.0
        D:5 |     461 |       0 |   0.0 |      14 |       0 |   0.0
        D:6 |    1154 |       9 |   0.8 |      29 |       7 |  19.4
        D:7 |    1718 |       0 |   0.0 |      37 |       0 |   0.0
        D:8 |    1254 |     831 |  39.9 |      12 |       1 |   7.7
        D:9 |    4595 |     202 |   4.2 |      41 |       1 |   2.4
       D:10 |    1474 |       0 |   0.0 |      19 |       0 |   0.0
       D:11 |    1313 |       0 |   0.0 |       6 |       0 |   0.0
     Lair:1 |    2489 |    1996 |  44.5 |      12 |       3 |  20.0
     Lair:2 |    1808 |    2017 |  52.7 |       6 |       8 |  57.1
            +---------+---------+-------+---------+---------+-------
